Cogmind - Beta 16.1 @@@ ROGUE MODE // 2026.04.20 @ 20:22:34 Player: 57R4N63R Result: Core destroyed Performance ------------- Evolutions (0) 0 Regions Visited (0) 0 Robots Destroyed (1) 5 Value Destroyed (7) 7 Prototype IDs (0) 0 Alien Tech Used (0) 0 Bonus (0) 0 TOTAL SCORE: 12 Bonus ------- None Cogmind --------- Core Integrity 0/250 Matter 266/300 Energy 100/100 System Corruption 61% Temperature Cool (0) Movement Core (150) Ox2 Location -11/Scrapyard Parts ------- > --- POWER (1) -------- (None) > --- PROPULSION (2) --- Aluminum Leg > --- UTILITY (2) ------ Small Storage Unit > --- WEAPON (2) ------- Assault Rifle > --- INVENTORY (8) ---- Light Ion Engine Light Ion Engine EM Pulse Gun Peak State ------------ > --- POWER ------------ Light Ion Engine > --- PROPULSION ------- Aluminum Leg Aluminum Leg > --- UTILITY ---------- Small Storage Unit Seismic Detector > --- WEAPON ----------- EM Pulse Gun Assault Rifle > --- INVENTORY -------- Light Ion Engine EM Pulse Gun [Rating: 7] Favorites ----------- Power Light Ion Engine Engine Light Ion Engine Propulsion Aluminum Leg Leg Aluminum Leg Utility Small Storage Unit Device Seismic Detector Storage Small Storage Unit Weapon Assault Rifle Energy Gun EM Pulse Gun Ballistic Gun Assault Rifle Build | -11 ------- Run | Yrd Slots Evolved . | . Power . | . Propulsion . | . Utility . | . Weapon . | . Parts Attached 7 | 7 Power 1 | 1 Engine 1 | 1 Core . | . Reactor . | . Propulsion 2 | 2 Treads . | . Leg 2 | 2 Wheel . | . Hover . | . Flight . | . Utility 2 | 2 Device 1 | 1 Storage 1 | 1 Processor . | . Hackware . | . Protection . | . Artifact . | . Weapon 2 | 2 Energy Gun 1 | 1 Energy Cannon . | . Ballistic Gun 1 | 1 Ballistic Cannon . | . Launcher . | . Special Weapon . | . Impact Weapon . | . Slashing Weapon . | . Piercing Weapon . | . Special Melee Weapon . | . Unidentified Prototypes . | . Parts Lost 4 | 4 Power 1 | 1 Propulsion 1 | 1 Utility 1 | 1 Weapon 1 | 1 Highest Loss Streak 2 | 2 To Critical Strikes . | . Average Backups 2 | 2 Power 1 | 1 Propulsion . | . Utility . | . Weapon . | . Tool/Special . | . Unused Backups 3 | 3 Power 2 | 2 Propulsion . | . Utility . | . Weapon 1 | 1 Tool/Special . | . Average Slot Usage (%) . | . Peak Build Rating 7 | 7 Average Rating 6 | 6 On Entrance . | . Avg Prop Armor Cover (%) . | . Naked Turns . | . Heaviest Build 13 | 13 Greatest Support 20 | 20 Greatest Overweight (x) . | . Average Overweight (x) . | . Largest Inventory Capacity 8 | 8 Average Capacity 7 | 7 Most Carried 4 | 4 Average Carried 2 | 2 Final Capacity 8 | 8 Final Carried 3 | 3 Class Distribution -------------------- None Dominant Class ---------------- None Resources | -11 ----------- Run | Yrd Matter Collected 244 | 244 Remotely . | . Salvage Created 17 | 17 Parts 3 | 3 Haulers Intercepted . | . Recyclers Shooed . | . Parts Field Recycled . | . Retrieved Matter . | . Parts Self-Destructed . | . Prevented . | . Parts Restored . | . Kills | -11 ------- Run | Yrd Combat Hostiles Destroyed . | . Classes Destroyed 1 | 1 Tunneler 1 | 1 Best Kill Streak 1 | 1 Combat Bots Only . | . Max Kills in Single Turn 1 | 1 Gunslinging . | . Exploded . | . Melee . | . Uniques/NPCs Destroyed . | . Combat | -11 -------- Run | Yrd Hostile Shots Fired 9 | 9 Missed 2 | 2 Hits 7 | 7 Melee 2 | 2 Projectile 5 | 5 AOE 2 | 2 Damage Taken 558 | 558 Core 258 | 258 Absorbed by Shields . | . Core Remaining (%) . | . Volleys Fired 6 | 6 Largest 1 | 1 Hottest 20 | 20 Shots Fired 6 | 6 Gun 6 | 6 Cannon . | . Launcher . | . Special . | . Kinetic 6 | 6 Thermal . | . Explosive . | . Electromagnetic . | . Robot Hit Streak 2 | 2 Robot Miss Streak 2 | 2 Penetration Max . | . Secondary Targets . | . Shots Hit Robots 3 | 3 Core Hits 2 | 2 Critical Kills . | . Critical Parts Destroyed . | . Critical Strikes . | . Melee Attacks . | . Impact . | . Slashing . | . Piercing . | . Sneak Attacks . | . Combat Hostiles . | . Follow-up Attacks . | . Damage Inflicted 209 | 209 Guns 53 | 53 Cannons . | . Explosions . | . Melee . | . Ramming 156 | 156 Kinetic 53 | 53 Thermal . | . Explosive . | . Electromagnetic . | . Impact . | . Slashing . | . Piercing . | . Highest Corruption 61 | 61 Average Corruption 30 | 30 Corruption Purged . | . Corruption Blocked . | . Effects 3 | 3 Message Errors 1 | 1 Matter Fused 1 | 1 Data Loss (minor) 1 | 1 Overload Shots . | . Overflow Damage . | . Projectiles . | . Explosions . | . Melee . | . Knockbacks . | . Impact . | . Kinetic . | . Secondary . | . Self-Inflicted Damage 148 | 148 Shots . | . Rammed . | . Targets Rammed 2 | 2 Kicked 2 | 2 Crushed . | . Highest Temperature . | . Average Temperature . | . Received Heat Transfer . | . Siege Activations . | . Martial Activations . | . Shielding Activations . | . Robots Disrupted . | . Combat Hostiles . | . Robots Corrupted . | . Combat Hostiles . | . Parts Fried . | . Impact Corruptions . | . Robots Melted . | . Combat Hostiles . | . Parts Melted . | . Heat Transferred . | . Parts Sabotaged . | . Parts Stolen . | . Parts Stripped . | . Power Chain Reactions . | . Alert | -11 ------- Run | Yrd Maximum Alert Level . | . Low Security (%) 100 | 100 Level 1 . | . Level 2 . | . Level 3 . | . Level 4 . | . Level 5 . | . High Security . | . Max Security . | . Peak Influence 5 | 5 Initial . | . Average . | . Influence Increases 5 | 5 Destroy 0b10 Robot/NC 5 | 5 Influence Decreases 5 | 5 Time Decay 5 | 5 Squads Dispatched . | . Investigation . | . Extermination . | . Reinforcement . | . Assault . | . Garrison . | . Intercept . | . Searches Triggered . | . Construction Impeded . | . Haulers Reinforced . | . Active Scanning Responses . | . Cargo Convoy Interrupts . | . Stealth | -11 --------- Run | Yrd Distress Signals . | . Communications Jammed . | . Distress Signals . | . Times Spotted 10 | 10 Peak Tracking Total 12 | 12 Tactical Retreats 1 | 1 Traps | -11 ------- Run | Yrd Traps Triggered . | . Indirectly . | . Trap Hack Attempts . | . Triggered . | . Disarmed . | . Reprogrammed . | . Reused . | . Traps Extracted . | . Installed . | . Triggered . | . Machines | -11 ---------- Run | Yrd Machines Disabled . | . Max in Single Turn . | . Machines Repaired . | . Machines Dismantled . | . Machines Sabotaged . | . Overloaded Fab Kills . | . Hacking | -11 --------- Run | Yrd Machines Accessed . | . Terminals . | . Fabricators . | . Repair Stations . | . Recycling Units . | . Scanalyzers . | . Garrison Access . | . Total Hacks . | . Successful . | . Failed . | . Catastrophic . | . Database Lockouts . | . Manual . | . Terminals . | . Fabricators . | . Repair Stations . | . Recycling Units . | . Scanalyzers . | . Garrison Access . | . Terminal Hacks . | . Fabricator Hacks . | . Repair Station Hacks . | . Recycling Unit Hacks . | . Scanalyzer . | . Garrison Access Hacks . | . Unauthorized Hacks . | . Terminals . | . Fabricators . | . Repair Stations . | . Recycling Units . | . Scanalyzers . | . Garrison Access . | . Data Cores Recovered . | . Used . | . Hacking Detections . | . Full Trace Events . | . Feedback Events . | . Feedback Blocked . | . Robot Schematics Acquired . | . Robots Built . | . Authchips . | . Time . | . Total Robot Build Rating . | . Part Schematics Acquired . | . Parts Built . | . Authchips . | . Time . | . Total Part Build Rating . | . Part Studies Acquired . | . Parts Repaired . | . Time . | . Parts Recycled . | . Recycled Matter . | . Retrieved Matter . | . Retrieved Components . | . Parts Scanalyzed . | . Part Schematics Acquired . | . Parts Damaged . | . Bothacking | -11 ------------ Run | Yrd Used RIF Installer . | . Robots Hacked . | . Non-combat . | . Combat . | . Robot Hacks Applied . | . Relay Couplers Released . | . Fabnet Peak Effective % . | . Robots Rewired . | . Allies Hacked . | . Hacks Repelled . | . Allies | -11 -------- Run | Yrd Total Allies . | . Largest Group . | . Highest-Rated Group . | . Highest-Rated Ally . | . Total Orders . | . Ally Attacks . | . Total Damage . | . Kills . | . Allies Corrupted . | . Allies Melted . | . Intel | -11 ------- Run | Yrd Active Infowar (turns) 2206 | 2206 Seismic 2206 | 2206 Robot Analysis Total . | . Derelict Logs Recovered . | . Drone Launches . | . Drone Recoveries . | . Exploration | -11 ------------- Run | Yrd Turns Passed 2356 | 2356 Spaces Moved 786 | 786 Core 16 | 16 Treads . | . Legs 770 | 770 Wheels . | . Hover . | . Flight . | . Fastest Speed 50 | 50 Average Speed 118 | 118 Slowest Speed 120 | 120 Overloaded Moves . | . Propulsion Burnouts . | . Robots Hopped . | . Potential Cave-ins . | . Cave-ins Triggered . | . Exploration Rate (%) 49 | 49 Regions Visited . Branch Regions . Pre-discovered Areas . | . Known Exits Taken . | . Unknown Exits Taken . | . Scrap Searched . | . Spaces Dug . | . Terrain Destroyed . | . Melee . | . Projectile . | . AOE . | . Terrain Rammed 71 | 71 Walls Destroyed . | . Machines Disabled . | . Actions | -11 --------- Run | Yrd Total 2170 | 2170 Wait 1287 | 1287 Move 786 | 786 Hop . | . Pick Up 10 | 10 Fast Attach . | . Attach 8 | 8 Detach 1 | 1 Swap . | . Drop . | . Fire 6 | 6 Melee . | . Ram 70 | 70 Kick 2 | 2 Crush . | . Escape Stasis . | . Rewire . | . Trap . | . Miscellaneous . | . Route ------- -11/Scrapyard (discovered 1 exit: [*Mat]) History --------- Turn | Location | Event 3 | -11/Scrapyard | Discovered new exit (range 16) 2199 | -11/Scrapyard | Assembled infested the area 2271 | -11/Scrapyard | System corruption reached 10% 2302 | -11/Scrapyard | System corruption reached 30% 2311 | -11/Scrapyard | Core integrity fell below 50% 2344 | -11/Scrapyard | Core integrity fell below 20% 2357 | -11/Scrapyard | Core destroyed Last Messages --------------- 02342_ Destabilizing: System corrupted (+2). 02342_ Destabilizing: System corrupted (+1). 02343_ Slammed into Earth. 02343_ Broken Aluminum Leg destroyed. 02343_ System corrupted by crushing effect (+4). 02343_ Destabilizing: Core damaged (-12). 02345_ Slammed into Earth. 02345_ Destabilizing: Core damaged (-12). 02345_ Destabilizing: System corrupted (+1). 02346_ Slammed into Earth. 02349_ Destabilizing: Core damaged (-2). 02351_ Slammed into Earth. 02351_ Destabilizing: System corrupted (+2). 02351_ Destabilizing: Core damaged (-7). 02352_ Slammed into Earth. 02352_ Destabilizing: System corrupted (+1). 02354_ Slammed into Earth. 02354_ Destabilizing: Core damaged (-10). 02355_ Slammed into Earth. 02357_ Destabilizing: Core damaged (-12). Map ----- +----------------------------------------------------+ | | | | | ?????????????????????????????????????????????????? | | ?????????????????????????????????????????????????? | | ?????????????????????????????????????????????????? | | ?????????????????????????????????????????????????? | | ?????????????????????????????????????????????????? | | ?????????????????????????????????????????????????? | | ?????????????????????????????????????????????????? | | ?????????????????????????????????????????????????? | | ?????????????????????????????????????????????????? | | ?????????????????????????????????????????????????? | | ?????????????????????????????????????????????????? | | ?????????????????????????????????????????????????? | | ?????????????????????????????????????????????????? | | ?????????????????????????????????????????????????# | | ?????????????????????????????????????????????#### | | ?????????????????????????????????????????????# | | ????????????????????????????????????????????## | | ??????????????????????????????????????####### | | ????????????????????????############### | | ????????????????????????# | | ????????????????????????# ############# | | ?????????????##########?###???????????# | | ?????????????# #?###???????????# | | ?????????????# #?#@#???????????# | | ???????????### ### ################# # | | ???????????# # | | ???????????### | | ?????????????# # ################## | | ?????????????# # #?????????????????? | | ?????????????# ## ##??????????????????# # | | ?????????????# ## #???????????????????# # | | ?????????????########### #????????????######## "# | | ???????????????????????# #????????????# # %# | | ???????????????????????# #????????????# # " | | ???????????????????????# #????????????# # # | | ???????????????????????# #????###?????# | | ?????????????????#####?# #?? #?????# # # | | ????????????????## # ## #?????## # # | | ????????????????# # # #??????####### # | | ????????????????# #?????## ?# # | | ????????????????# # # #?????# # # | | ????????????????# # # #?????# # # | | ????????????????# ?# #?######?????# | | ?????????????#########?# #????????????# # # | | ?????????????# # #????????????## # # | | ?????????????# # #?????????????####### # | | ?????????????# #???##########???# | | ?????????????# # #???# #???# | +----------------------------------------------------+ Best States ------------- Heat Dissipation 25 Energy Generation 10 Energy Capacity 125 Matter Stores 266 Matter Capacity 300 Sight Range 16 Terrain Scan Density 10 Evasion (%) 55 Item Schematics ----------------- None Robot Schematics ------------------ None Fabricated ------------ Nothing Repaired ---------- Nothing Studied --------- None Alien Tech Used ----------------- None Achievements -------------- Curiosity Killed The Cat Slippery One System Compromised Z1$+NX3F=JRE3_ZNQR Challenges ------------ None Game ------ Seed MicroAlloyMaul Manual? 0 Play Time 00:18:32 Cumulative 2.8 hours Start 2026.04.20 @ 20:12:01 End 2026.04.20 @ 20:22:34 Sessions 0 Manual Loads 0 Difficulty Rogue Special Mode None Game No. 10 Rogue 10 Adventurer 0 Explorer 0 Win Type - Total 0 Types 0/0/0/0/0/0/0/0/0/0 Lore% 1 Gallery% 6 Achievement% 8 Wizard Run 0 Options --------- Layout 1 ASCII 0 Keyboard 0 Movement Mouse Keybinds 0 Fullscreen 1 Font 24/Smallcaps Map View 50x35 Zoom Use 7% Tactical HUD 1 Map Filters NONE Filters NONE Steam 1 RUN: d268609d-3421-4f6e-94d5-121b9bebb9b0